[Event "Titled Tuesday Blitz October 25 Late 2022"]
[White "Korobov, Anton"]
[Black "Djordjevic, Vuk"]
[WhiteFideId "14105730"]
[BlackFideId "902098"]
[WhiteElo "2635"]
[BlackElo "2456"]
[Result "1-0"]
[Round "08"]
[TimeControl "180+1"]
[Date "2022.10.26"]
[WhiteClock "0:00:09"]
[BlackClock "0:00:01"]

1. d4 Nf6 2. c4 e6 3. Nc3 Bb4 4. e3 O-O 5. Bd3 d5 6. Nf3 c5 7. O-O Nc6 8. a3 Bxc3 9. bxc3 b6 10. cxd5 exd5 11. Ne5 Bb7 12. Nxc6 Bxc6 13. f3 Re8 14. Qe1 Qd7 15. Rb1 Re7 16. Qh4 c4 17. Be2 Rae8 18. Rb2 h6 19. g4 Nh7 20. Qg3 f5 21. gxf5 Qxf5 22. Bd1 Re6 23. Rg2 Qf7 24. Bc2 Nf8 25. Kh1 Rf6 26. a4 Bd7 27. Rfg1 Re7 28. Bd1 Rg6 29. Qh4 Rxg2 30. Rxg2 Re6 31. Kg1 Rf6 32. Be2 Ng6 33. Qg3 Bxa4 34. h4 Ne7 35. e4 Bc6 36. h5 dxe4 37. fxe4 Bxe4 38. Rh2 Nf5 39. Qg4 Bd3 40. Bf3 Ne7 41. Rf2 Bf5 42. Qg3 Be6 43. Ba3 Nf5 44. Qe5 Nh4 45. Be4 Rxf2 46. Qb8+ Qf8 47. Bxf8 Rxf8 48. Qe5 Bf7 49. d5 Be8 50. d6 Bd7 51. Qe7 Bf5 52. Bd5+ Kh8 53. Qxf8+ 1-0


[Site "https://www.chess.com"]

[Event "Titled Tuesday Blitz October 25 Late 2022"]
[White "Lawson, Eric"]
[Black "Sabar, Ethmane Daouda"]
[WhiteFideId "2604116"]
[BlackFideId "19600097"]
[WhiteElo "2552"]
[BlackElo "1950"]
[Result "1-0"]
[Round "08"]
[TimeControl "180+1"]
[Date "2022.10.26"]
[WhiteClock "0:00:57"]
[BlackClock "0:00:21"]

1. e4 c5 2. Nf3 Nc6 3. Bb5 e6 4. O-O Nge7 5. Re1 a6 6. Bf1 d6 7. c3 Ng6 8. d4 cxd4 9. cxd4 d5 10. e5 Be7 11. g3 h5 12. h4 f6 13. Bd3 f5 14. Bg5 Qb6 15. Qd2 Bd7 16. Bxe7 Ngxe7 17. Nc3 Nxd4 18. Ng5 Ng6 19. Rad1 Nc6 20. Bxf5 exf5 21. e6 Bc8 22. Nxd5 Qd8 23. Nf7 Qa5 24. Qxa5 Nxa5 25. Nc7+ Ke7 26. Nxh8 Nxh8 27. Nxa8 1-0


[Site "https://www.chess.com"]

[Event "Titled Tuesday Blitz October 25 Late 2022"]
[White "Leenhouts, Koen"]
[Black "Fernandez De La Vara, Arnaldo"]
[WhiteFideId "1008439"]
[BlackFideId "3518388"]
[WhiteElo "2409"]
[BlackElo "2387"]
[Result "1-0"]
[Round "08"]
[TimeControl "180+1"]
[Date "2022.10.26"]
[WhiteClock "0:01:21"]
[BlackClock "0:00:20"]

1. d4 c5 2. Nf3 Nf6 3. c4 cxd4 4. Nxd4 g6 5. Nc3 Bg7 6. e4 d6 7. Be2 O-O 8. O-O Nc6 9. Be3 Bd7 10. Rc1 Nxd4 11. Bxd4 Bc6 12. f3 Nd7 13. Be3 Nc5 14. Qd2 Qa5 15. b3 Rfc8 16. Rfd1 a6 17. Nd5 Qd8 18. b4 Na4 19. Rc2 b5 20. c5 e6 21. Nb6 Nxb6 22. cxb6 d5 23. Kh1 Rab8 24. Bc5 d4 25. Bxd4 Bxd4 26. Qxd4 Rxb6 27. Qxd8+ 1-0


[Site "https://www.chess.com"]

[Event "Titled Tuesday Blitz October 25 Late 2022"]
[White "Li, Ben"]
[Black "Pinheiro, Iung Alicio de O."]
[WhiteFideId "2089980"]
[BlackFideId "2104350"]
[WhiteElo "2267"]
[BlackElo "2283"]
[Result "1-0"]
[Round "08"]
[TimeControl "180+1"]
[Date "2022.10.26"]
[WhiteClock "0:00:27"]
[BlackClock "0:00:15"]

1. d4 Nf6 2. c4 g6 3. Nc3 Bg7 4. e4 d6 5. Nf3 O-O 6. h3 Nbd7 7. Bg5 e5 8. d5 h6 9. Be3 Nc5 10. Nd2 a5 11. Be2 Bd7 12. g4 c6 13. h4 cxd5 14. cxd5 Ne8 15. a4 Rb8 16. h5 g5 17. Nc4 Nxa4 18. Nxa4 b5 19. Nab6 bxc4 20. Nxc4 a4 21. O-O Bb5 22. Qd2 Nf6 23. f3 Ne8 24. Rfc1 Bf6 25. Kf2 Bxc4 26. Rxc4 Qd7 27. Rcxa4 Bd8 28. Ra7 Rb7 29. Rxb7 Qxb7 30. Ba6 Qb8 31. Kg3 Bb6 32. Qb4 Bc7 33. Qxb8 Bxb8 34. Bb5 Nc7 35. Bc6 Ne8 36. b4 Nf6 37. b5 Rd8 38. b6 Nd7 39. Bxd7 Rxd7 40. Ra8 Rb7 41. Kf2 Kf8 42. Ke2 Ke7 43. Kd3 Kd7 44. Kc4 Bc7 45. Kb5 Bxb6 46. Bxb6 Ke7 47. Kc6 Rd7 48. Rh8 1-0


[Site "https://www.chess.com"]

[Event "Titled Tuesday Blitz October 25 Late 2022"]
[White "Luxama, Jacques Muller"]
[Black "Leschinsky, Gary"]
[WhiteFideId "11900113"]
[BlackFideId "30951321"]
[WhiteElo "1931"]
[BlackElo "1855"]
[Result "1-0"]
[Round "08"]
[TimeControl "180+1"]
[Date "2022.10.26"]
[WhiteClock "0:00:13"]
[BlackClock "0:01:00"]

1. d4 Nf6 2. c4 e6 3. Nc3 Bb4 4. e3 O-O 5. Bd3 d5 6. Ne2 c5 7. O-O dxc4 8. Bxc4 cxd4 9. exd4 b6 10. d5 e5 11. Bg5 Bb7 12. Ne4 Be7 13. d6 Bxe4 14. dxe7 Qxe7 15. Ng3 Bb7 16. Nf5 Qd8 17. Qe2 Nc6 18. Rad1 Nd4 19. Qxe5 Nc6 20. Qf4 Qb8 21. Nd6 Ne8 22. Be7 Nxd6 23. Bxd6 Qc8 24. Bxf8 Qxf8 25. Rd7 Bc8 26. Rxf7 Qe8 27. Rf8# 1-0


[Site "https://www.chess.com"]

[Event "Titled Tuesday Blitz October 25 Late 2022"]
[White "Machidon, Cristi"]
[Black "Rasulov, Vugar"]
[WhiteFideId "13904590"]
[BlackFideId "13402390"]
[WhiteElo "2312"]
[BlackElo "2509"]
[Result "0-1"]
[Round "08"]
[TimeControl "180+1"]
[Date "2022.10.26"]
[WhiteClock "0:00:03"]
[BlackClock "0:00:08"]

1. d4 Nf6 2. c4 e6 3. Nf3 Bb4+ 4. Bd2 Qe7 5. e3 O-O 6. Bxb4 Qxb4+ 7. Qd2 a5 8. Nc3 d5 9. a3 Qe7 10. Rc1 c6 11. Be2 Nbd7 12. O-O dxc4 13. Bxc4 e5 14. Rfd1 e4 15. Ne1 Nb6 16. Be2 h5 17. Qc2 h4 18. Na4 Nbd5 19. Nc5 h3 20. g3 Bg4 21. Bxg4 Nxg4 22. Qxe4 Qg5 23. Nf3 Qh5 24. Ne5 f5 25. Qf3 Rfe8 26. Ncd3 Qg5 27. Rc5 Ngf6 28. Nf4 Ne4 29. Nxd5 Nxc5 30. Nc7 Ne4 31. Nxa8 Rxa8 32. Qf4 Qf6 33. g4 Nd6 34. g5 Qe6 35. f3 Qb3 36. Rd2 Qa2 37. Kf2 Qb1 38. Qg3 f4 39. exf4 Nf5 40. Qxh3 Qc1 41. Nc4 g6 42. Qf1 Qxf1+ 43. Kxf1 Kg7 44. Kg2 a4 45. d5 c5 46. d6 Rd8 47. d7 Kf7 48. Ne5+ Ke6 49. Nxg6 Nd4 50. Ne5 Kf5 51. Kg3 Ke6 52. h4 Nf5+ 53. Kg4 Ne3+ 54. Kh3 b5 55. h5 Nd5 56. Kg3 b4 57. h6 Ne3 58. h7 Nf1+ 59. Kf2 Nxd2 60. Ng6 Kxd7 61. h8=Q Rxh8 62. Nxh8 Ke7 63. f5 Nc4 64. f6+ Ke6 65. f7 Ke7 66. axb4 cxb4 67. Ke2 a3 68. Ng6+ Kxf7 69. bxa3 bxa3 0-1


[Site "https://www.chess.com"]

[Event "Titled Tuesday Blitz October 25 Late 2022"]
[White "Makarian, Rudik"]
[Black "Koellner, Ruben Gideon"]
[WhiteFideId "44105681"]
[BlackFideId "12993093"]
[WhiteElo "2405"]
[BlackElo "2303"]
[Result "1-0"]
[Round "08"]
[TimeControl "180+1"]
[Date "2022.10.26"]
[WhiteClock "0:00:13"]
[BlackClock "0:00:07"]

1. Nf3 Nf6 2. g3 d5 3. c4 e6 4. Bg2 dxc4 5. Qa4+ Bd7 6. Qxc4 c5 7. O-O Bc6 8. Nc3 Nbd7 9. e4 Rc8 10. Qe2 c4 11. b3 cxb3 12. axb3 Bb4 13. Rxa7 Qb6 14. Ra1 O-O 15. e5 Nd5 16. Ba3 Nxc3 17. dxc3 Bxc3 18. Bxf8 Nxf8 19. Rac1 Bb5 20. Qc2 Bxf1 21. Bxf1 Rc5 22. Bc4 Bxe5 23. Nxe5 Rxe5 24. Rd1 Qc7 25. Qd3 g6 26. Qd6 Qxd6 27. Rxd6 b5 28. Bf1 b4 29. Rd4 Rd5 30. Rxb4 Nd7 31. Re4 Rd1 32. Re3 Rb1 33. Kg2 Nc5 34. Bc4 Kg7 35. h4 h5 36. Kf3 Rb2 37. Re2 Rb1 38. Re3 Rb2 39. Kg2 Kf6 40. Rf3+ Ke7 41. Re3 Kf6 42. Rc3 Ne4 43. Rf3+ Ke7 44. Kg1 Nd2 45. Rc3 Ne4 46. Re3 Nxf2 47. Re2 Rxe2 48. Bxe2 Ne4 49. Kg2 Nd6 50. Kf3 Nc8 51. b4 Nb6 52. Ke3 e5 53. Kd3 Kd6 54. Kc3 Kd5 55. Bf3+ e4 56. Be2 f5 57. Bb5 Ke5 58. Be8 Kf6 59. Kd4 Nc8 60. b5 Nb6 61. Kc5 Na4+ 62. Kb4 Nb6 63. Kc5 Na4+ 64. Kd4 Nb6 65. Bc6 Na4 66. Bd5 Nb6 67. Bb3 Nd7 68. Bc2 g5 69. hxg5+ Kxg5 70. Kd5 Nb6+ 71. Kc6 Nc4 72. Kc5 Ne5 73. Bb3 Kg4 74. Kd6 Nd3 75. b6 Nb4 76. b7 Na6 77. Bc4 Nb8 78. Kc7 f4 79. gxf4 Kxf4 80. Kxb8 h4 81. Kc7 h3 82. b8=Q h2 83. Kd7+ Kf3 84. Qxh2 e3 85. Qe2+ 1-0


[Site "https://www.chess.com"]

[Event "Titled Tuesday Blitz October 25 Late 2022"]
[White "Malka, Samuel"]
[Black "Jensen, Matthew R"]
[WhiteFideId "20643675"]
[BlackFideId "2018110"]
[WhiteElo "2447"]
[BlackElo "2313"]
[Result "1-0"]
[Round "08"]
[TimeControl "180+1"]
[Date "2022.10.26"]
[WhiteClock "0:00:26"]
[BlackClock "0:00:09"]

1. d4 d5 2. c4 c6 3. Nf3 e6 4. Qc2 f5 5. Nbd2 Nf6 6. g3 Nbd7 7. Bg2 Bd6 8. O-O O-O 9. Ne1 Ne4 10. Ndf3 g5 11. Nd3 g4 12. Nfe5 Nxe5 13. dxe5 Bc7 14. f3 gxf3 15. exf3 Ng5 16. cxd5 Bb6+ 17. Kh1 cxd5 18. Bd2 Bd7 19. Rac1 Bb5 20. a4 Bxd3 21. Qxd3 Nf7 22. f4 Qd7 23. a5 Bd8 24. Bb4 Be7 25. Bxe7 Qxe7 26. Qb5 Rfc8 27. Bf3 Nd8 28. Kg2 Nc6 29. a6 Nd4 30. Qxb7 Qd8 31. Bh5 Rab8 32. Rxc8 Rxc8 33. Rf2 Qc7 34. Qb4 Qc5 35. Qb7 Qc7 36. Rd2 Nc6 37. Rc2 Kf8 38. Be2 Ke7 39. Rxc6 Qxb7 40. axb7 Rxc6 41. b8=Q 1-0


[Site "https://www.chess.com"]

[Event "Titled Tuesday Blitz October 25 Late 2022"]
[White "Milikow, Yoav"]
[Black "Howell, David W L"]
[WhiteFideId "2822237"]
[BlackFideId "410608"]
[WhiteElo "2341"]
[BlackElo "2567"]
[Result "1/2-1/2"]
[Round "08"]
[TimeControl "180+1"]
[Date "2022.10.26"]
[WhiteClock "0:00:31"]
[BlackClock "0:00:04"]

1. d4 Nf6 2. c4 g6 3. Nc3 d5 4. cxd5 Nxd5 5. e4 Nxc3 6. bxc3 Bg7 7. Qa4+ Nd7 8. Nf3 c5 9. Qa3 O-O 10. h4 cxd4 11. cxd4 Nf6 12. e5 Nd5 13. h5 Bg4 14. h6 Bh8 15. Bd2 Rc8 16. Qb3 Qd7 17. Bb5 Qd8 18. Ng5 Nb6 19. Be3 Qd5 20. f3 Bf5 21. O-O f6 22. exf6 Bxf6 23. Ne4 Rfd8 24. Nxf6+ exf6 25. Rfc1 a6 26. Bf1 Qxb3 27. axb3 Nd5 28. Bd2 Kf7 29. Ba5 Rxc1 30. Rxc1 Rc8 31. Rc5 Be6 32. Bc4 Rxc5 33. dxc5 Ne7 34. Kf2 Bxc4 35. bxc4 Nf5 36. g4 Nxh6 37. Ke3 Ke6 38. Kd4 Nf7 39. f4 f5 40. g5 h6 41. gxh6 Nxh6 42. Bd8 Ng4 43. Bh4 Nh6 44. c6 bxc6 45. Kc5 Kd7 46. Kb6 Nf7 47. c5 a5 48. Kxa5 Ke6 49. Kb6 Kd5 50. Be7 g5 51. Bxg5 Nh8 52. Be7 Ng6 53. Bd6 Nh4 54. Kc7 Nf3 55. Kd7 Nd4 56. Ke7 Ke4 57. Kd7 Kd5 58. Ke7 Ne6 59. Kf6 Nxf4 60. Bxf4 Kxc5 61. Kxf5 Kc4 62. Ke4 Kb5 63. Be3 c5 64. Bxc5 1/2-1/2


[Site "https://www.chess.com"]

[Event "Titled Tuesday Blitz October 25 Late 2022"]
[White "Miszler, Levente"]
[Black "Bernat, David"]
[WhiteFideId "763276"]
[BlackFideId "2099225"]
[WhiteElo "2176"]
[BlackElo "2336"]
[Result "1-0"]
[Round "08"]
[TimeControl "180+1"]
[Date "2022.10.26"]
[WhiteClock "0:01:32"]
[BlackClock "0:00:09"]

1. c4 c5 2. Nc3 Nc6 3. Nf3 g6 4. d4 cxd4 5. Nxd4 Nf6 6. g3 Bg7 7. Bg2 O-O 8. O-O Nxd4 9. Qxd4 d6 10. Bg5 h6 11. Bxf6 Bxf6 12. Qd2 Bg7 13. Rac1 Rb8 14. Rfd1 a6 15. c5 Be6 16. cxd6 exd6 17. Qxd6 Qxd6 18. Rxd6 Rfd8 19. Rxd8+ Rxd8 20. Bxb7 Rb8 21. Bxa6 Rxb2 22. a4 Bh3 23. Nd5 Ra2 24. Bb5 Be6 25. Nf4 Bb3 26. Bc4 Bxc4 27. Rxc4 g5 28. Nh5 Rxe2 29. Nxg7 Kxg7 30. a5 Ra2 31. Rc5 g4 32. Kg2 Kg6 33. Kf1 f6 34. Ke1 f5 35. Rc6+ Kg5 36. a6 Ra1+ 37. Ke2 Ra2+ 38. Ke3 Ra3+ 39. Kd4 Ra2 40. Kc5 Rxf2 41. a7 Ra2 42. Kb6 f4 43. gxf4+ Kxf4 44. Rxh6 Rb2+ 45. Kc7 Rc2+ 46. Kb7 Ra2 47. Ra6 1-0


[Site "https://www.chess.com"]

[Event "Titled Tuesday Blitz October 25 Late 2022"]
[White "Naroditsky, Daniel"]
[Black "Martinez Alcantara, Jose Eduardo"]
[WhiteFideId "2026961"]
[BlackFideId "3805662"]
[WhiteElo "2628"]
[BlackElo "2703"]
[Result "1/2-1/2"]
[Round "08"]
[TimeControl "180+1"]
[Date "2022.10.26"]
[WhiteClock "0:01:35"]
[BlackClock "0:02:02"]

1. e4 c5 2. Nf3 d6 3. Bb5+ Bd7 4. c4 Nf6 5. Nc3 g6 6. O-O Bg7 7. d4 cxd4 8. Nxd4 O-O 9. Bxd7 Qxd7 10. Qe2 Nc6 11. Nxc6 Qxc6 12. Rb1 Rfc8 13. b3 a6 14. Nd5 Re8 15. Bg5 Nxd5 16. exd5 Qd7 17. Rbc1 e5 18. dxe6 Rxe6 19. Qd3 Qc6 1/2-1/2


[Site "https://www.chess.com"]

[Event "Titled Tuesday Blitz October 25 Late 2022"]
[White "Nozdrachev, Leonid"]
[Black "Amburgy, Ryan"]
[WhiteFideId "24113433"]
[BlackFideId "30924820"]
[WhiteElo "2249"]
[BlackElo "2121"]
[Result "0-1"]
[Round "08"]
[TimeControl "180+1"]
[Date "2022.10.26"]
[WhiteClock "0:00:14"]
[BlackClock "0:00:08"]

1. e4 c6 2. b3 d5 3. exd5 cxd5 4. Bb2 Nc6 5. Nc3 Nf6 6. Bb5 g6 7. Qe2 Bg7 8. O-O-O O-O 9. Bxc6 bxc6 10. Nf3 a5 11. Na4 Ba6 12. Qe5 Nh5 13. Qe3 Bxb2+ 14. Kxb2 Qd6 15. Rhe1 Rfe8 16. Qh6 Qf6+ 17. d4 Bc8 18. Ng5 Qg7 19. Qxg7+ Kxg7 20. Nc5 h6 21. Nf3 Nf4 22. g3 Ne6 23. Nxe6+ Bxe6 24. Ne5 Rac8 25. Nd3 Bf5 26. Nc5 h5 27. f3 Kf8 28. Rd2 Rb8 29. Rg2 Bh3 30. Rge2 Bf5 31. Rf2 Ra8 32. Ref1 f6 33. Re1 Kf7 34. Rfe2 Ra7 35. Kc3 g5 36. h4 gxh4 37. gxh4 Rg8 38. Re3 Rg2 39. R1e2 Rg1 40. Re1 Rg2 41. R1e2 Rg3 42. Rh2 e6 43. a4 Ra8 44. b4 axb4+ 45. Kxb4 Rg1 46. Rb3 e5 47. Kc3 e4 48. Rb7+ Kf8 49. fxe4 Rg3+ 50. Kb4 Bxe4 51. Rf2 f5 52. Nd7+ Kg8 53. Nf6+ Kf8 54. a5 Rg1 55. Nxe4 Rb1+ 56. Kc5 Rxb7 57. Rxf5+ Kg7 58. Rg5+ Kh6 59. Nd6 Rba7 60. Nf5+ Kh7 61. Kxc6 Rxa5 62. Rxh5+ Kg6 63. Rg5+ Kf6 64. Nd6 Ra2 65. Kxd5 R8a5+ 66. Ke4 Rxg5 67. hxg5+ Kxg5 68. c4 Kf6 69. Kd5 Ke7 70. c5 Rd2 71. c6 Rc2 72. Nc4 Kd8 73. Kd6 Rxc4 74. d5 Rc2 75. Ke5 Kc7 76. Ke6 Rd2 77. Ke5 Re2+ 78. Kd4 Kd6 79. Kc4 Rd2 80. Kb5 Rxd5+ 81. Kb6 Rc5 0-1


[Site "https://www.chess.com"]

[Event "Titled Tuesday Blitz October 25 Late 2022"]
[White "Omariev, Maksim"]
[Black "Yanayt, Eugene"]
[WhiteFideId "4193423"]
[BlackFideId "2020165"]
[WhiteElo "2406"]
[BlackElo "2046"]
[Result "1-0"]
[Round "08"]
[TimeControl "180+1"]
[Date "2022.10.26"]
[WhiteClock "0:00:03"]
[BlackClock "0:00:01"]

1. b3 e5 2. Bb2 d6 3. h3 g6 4. g4 Bg7 5. Bg2 h5 6. gxh5 Rxh5 7. d3 Nc6 8. Nd2 Nh6 9. e3 Nf5 10. Ngf3 Nh4 11. Nxh4 Qxh4 12. Qe2 a5 13. a3 Rf5 14. Ne4 Be6 15. O-O-O O-O-O 16. Ng3 Rg5 17. Bxc6 bxc6 18. a4 Kd7 19. d4 exd4 20. Bxd4 Bh6 21. Bf6 Qb4 22. Rd4 Qa3+ 23. Kd2 Rd5 24. Rxd5 Bxd5 25. Ra1 Qb4+ 26. Bc3 Qc5 27. Qa6 Re8 28. Re1 f5 29. Qxa5 Qxa5 30. Bxa5 f4 31. Nf1 fxe3+ 32. Nxe3 Bg2 33. h4 Bf3 34. Rg1 Bh5 35. Bc3 d5 36. Kd3 Re4 37. Rh1 Ke6 38. Bd4 Bf8 39. c4 Rf4 40. c5 Be7 41. Rh2 Bf3 42. b4 Be4+ 43. Kc3 Bxh4 44. a5 Bxf2 45. a6 Bg3 46. Rh8 Be1+ 47. Kb3 Rf2 48. a7 1-0


[Site "https://www.chess.com"]

[Event "Titled Tuesday Blitz October 25 Late 2022"]
[White "Osiecki, Stanislaw"]
[Black "Sibilio, Mario"]
[WhiteFideId "1102990"]
[BlackFideId "800422"]
[WhiteElo "2088"]
[BlackElo "2296"]
[Result "1-0"]
[Round "08"]
[TimeControl "180+1"]
[Date "2022.10.26"]
[WhiteClock "0:00:03"]
[BlackClock "0:00:02"]

1. e4 d6 2. d4 Nf6 3. Nc3 g6 4. f4 Bg7 5. Nf3 O-O 6. Be2 Bg4 7. h3 Bxf3 8. Bxf3 e5 9. dxe5 dxe5 10. Qxd8 Rxd8 11. O-O Nc6 12. Nd5 Nxd5 13. exd5 Nd4 14. c4 b5 15. fxe5 Nxf3+ 16. Rxf3 bxc4 17. Bf4 Rxd5 18. Rc1 Rd4 19. Be3 Re4 20. Bf4 Re8 21. Bg3 Bh6 22. Rcf1 Re7 23. Ra3 Be3+ 24. Bf2 R7xe5 25. Bxe3 Rxe3 26. Rxa7 Rc5 27. Ra8+ Kg7 28. Rf2 Re1+ 29. Kh2 Ra1 30. a3 c3 31. bxc3 Rxc3 32. a4 h5 33. a5 h4 34. a6 Rcc1 35. g4 Rh1+ 36. Kg2 Rag1+ 37. Kf3 Rxh3+ 38. Kf4 Ra1 39. a7 Rha3 40. Rh2 Ra4+ 41. Ke5 Rxa7 42. Rxa7 Rxa7 43. Rxh4 Ra5+ 44. Kd4 f5 45. g5 1-0


[Site "https://www.chess.com"]

[Event "Titled Tuesday Blitz October 25 Late 2022"]
[White "Ozen, Bahadir"]
[Black "Goroshkov, Maksym"]
[WhiteFideId "6337058"]
[BlackFideId "14142716"]
[WhiteElo "2503"]
[BlackElo "2257"]
[Result "1-0"]
[Round "08"]
[TimeControl "180+1"]
[Date "2022.10.26"]
[WhiteClock "0:01:40"]
[BlackClock "0:00:26"]

1. g3 Nf6 2. Bg2 g6 3. d3 Bg7 4. Nf3 O-O 5. O-O d5 6. c3 c5 7. Bf4 Nc6 8. Ne5 Nh5 9. Nxc6 bxc6 10. Be3 Nf6 11. Bxc5 Rb8 12. Qc2 a6 13. Nd2 Re8 14. Rfe1 e5 15. e4 Nd7 16. Bd6 Rb6 17. Ba3 Bb7 18. Rad1 d4 19. Nc4 Rb5 20. Nd6 c5 21. Nxe8 Qxe8 22. cxd4 exd4 23. f4 Bf8 24. e5 Qa8 25. Bxb7 Qxb7 26. Qg2 Qxg2+ 27. Kxg2 Rb6 28. Rc1 Be7 29. Rc4 Nf8 30. Kf3 Ne6 31. h3 h5 32. Rec1 Rb5 33. Ra4 Rb6 34. Rcc4 Kg7 35. Ra5 Kg8 36. Rca4 h4 37. gxh4 Kg7 38. Rxa6 Rb5 39. R4a5 Rb8 40. Ra8 Rb6 41. R5a6 Rb5 42. R8a7 Kf8 43. h5 gxh5 44. Ra5 Rb6 45. Ke4 Bd8 46. Rxc5 Kg7 47. Rc2 h4 48. Rg2+ Kh6 49. Rxf7 Rc6 50. Bf8+ Nxf8 51. Rxf8 Rc7 52. Rh8+ Rh7 53. Rxd8 Kh5 54. Rdg8 1-0


[Site "https://www.chess.com"]

[Event "Titled Tuesday Blitz October 25 Late 2022"]
[White "Pakleza, Zbigniew"]
[Black "Brown, Andrew"]
[WhiteFideId "1119290"]
[BlackFideId "3206513"]
[WhiteElo "2411"]
[BlackElo "2245"]
[Result "0-1"]
[Round "08"]
[TimeControl "180+1"]
[Date "2022.10.26"]
[WhiteClock "0:00:02"]
[BlackClock "0:00:03"]

1. d4 g6 2. Nf3 Bg7 3. Bf4 d5 4. e3 c6 5. c3 h5 6. h3 Nh6 7. Nbd2 Nf5 8. Bd3 Qb6 9. Qb3 Nd7 10. e4 dxe4 11. Nxe4 Qxb3 12. axb3 Nf6 13. b4 Nd5 14. Bh2 b6 15. b5 cxb5 16. Bxb5+ Bd7 17. Ba6 Bc6 18. Nfd2 O-O 19. O-O Rfd8 20. Rfe1 Bh6 21. Nc4 f6 22. Na3 Bf4 23. Bd3 Bxh2+ 24. Kxh2 Nf4 25. Bc2 Nh4 26. Nd2 Nfxg2 27. Rxe7 Re8 28. Rc7 Re2 29. Rxc6 Rxd2 30. Be4 Rxf2 31. Rxf6 Rxf6 32. Bxa8 Rf2 33. Nc4 g5 34. Kg3 Re2 35. Rxa7 Nf4 0-1


[Site "https://www.chess.com"]

[Event "Titled Tuesday Blitz October 25 Late 2022"]
[White "Palencia Morales, Wilson Guillermo"]
[Black "Joubert, Dantelle"]
[WhiteFideId "4401859"]
[BlackFideId "14310813"]
[WhiteElo "2160"]
[BlackElo "1507"]
[Result "1-0"]
[Round "08"]
[TimeControl "180+1"]
[Date "2022.10.26"]
[WhiteClock "0:01:00"]
[BlackClock "0:00:01"]

1. d4 d5 2. c4 c6 3. Nf3 Nf6 4. Nc3 e6 5. Bg5 Nbd7 6. e3 Qa5 7. Nd2 dxc4 8. Bxf6 Nxf6 9. Nxc4 Qd8 10. Bd3 b6 11. O-O Bb7 12. Ne4 Be7 13. Ne5 O-O 14. Qc2 h6 15. Nxc6 Qd7 16. Nxe7+ Qxe7 17. Nxf6+ Qxf6 18. Bh7+ Kh8 19. Be4 Rac8 20. Qd3 Qe7 21. Bxb7 Qxb7 22. Rfc1 Rc7 23. Rc3 Rxc3 24. bxc3 b5 25. a4 a6 26. axb5 axb5 27. Rb1 Rb8 28. h3 Kg8 29. Rb4 Ra8 30. Qxb5 Ra1+ 31. Kh2 Qc7+ 32. Qe5 Qxe5+ 33. dxe5 Rc1 34. Rc4 Kh7 35. Kg3 Kg6 36. Kf4 f6 37. exf6 Kxf6 38. f3 Rc2 39. g4 g6 40. h4 g5+ 41. hxg5+ hxg5+ 42. Ke4 Rd2 43. Rc8 Rc2 44. c4 1-0


[Site "https://www.chess.com"]

[Event "Titled Tuesday Blitz October 25 Late 2022"]
[White "Petrova, Irina"]
[Black "Graif, William"]
[WhiteFideId "14124122"]
[BlackFideId "2609835"]
[WhiteElo "2023"]
[BlackElo "2205"]
[Result "0-1"]
[Round "08"]
[TimeControl "180+1"]
[Date "2022.10.26"]
[WhiteClock "0:00:02"]
[BlackClock "0:00:07"]

1. e4 e5 2. Nf3 Bc5 3. Bc4 Nf6 4. O-O Nxe4 5. d4 d5 6. dxc5 dxc4 7. Qe2 Nxc5 8. Qxe5+ Ne6 9. Qe4 O-O 10. Nc3 Bd7 11. Rd1 Qe8 12. Qxc4 Nc6 13. Nd5 Rd8 14. b3 Bc8 15. Ba3 Kh8 16. Bxf8 Qxf8 17. Ne3 h6 18. Rxd8 Qxd8 19. Rd1 Qf6 20. Ng4 Qf5 21. Rd5 Qg6 22. Nge5 Nxe5 23. Nxe5 Qf6 24. h3 b6 25. Nf3 Bb7 26. Rd7 Kg8 27. Qd3 Qa1+ 28. Kh2 Qxa2 29. Ne5 Qb2 30. Nxf7 Qf6 31. Nd8 Qf4+ 32. Kg1 Nc5 33. Qc4+ Qxc4 34. bxc4 Nxd7 35. Nxb7 Kf7 36. Nd8+ Ke7 37. Nc6+ Kd6 38. Nxa7 c6 39. f4 Kc7 40. g4 Kb7 41. Nb5 cxb5 42. cxb5 Kc7 43. Kf2 Kd6 44. Kf3 Kc5 45. Ke4 Kxb5 46. h4 Kc5 47. f5 Kd6 48. g5 hxg5 49. hxg5 b5 50. Kd4 Ne5 51. f6 gxf6 52. gxf6 Nd7 53. c4 b4 54. f7 Ke7 55. c5 Nxc5 0-1


[Site "https://www.chess.com"]

[Event "Titled Tuesday Blitz October 25 Late 2022"]
[White "Petrovic, Aleksa"]
[Black "Sargsyan, Anna M."]
[WhiteFideId "967629"]
[BlackFideId "13308130"]
[WhiteElo "2242"]
[BlackElo "2284"]
[Result "0-1"]
[Round "08"]
[TimeControl "180+1"]
[Date "2022.10.26"]
[WhiteClock "0:00:01"]
[BlackClock "0:00:35"]

1. e4 c6 2. f3 d5 3. d4 dxe4 4. fxe4 e5 5. Nf3 Bg4 6. Bc4 Nd7 7. O-O Ngf6 8. c3 Bd6 9. Nbd2 O-O 10. h3 Bh5 11. g4 Bg6 12. Nh4 Qc7 13. Nxg6 hxg6 14. Qf3 Rae8 15. Nb3 exd4 16. cxd4 Nxe4 17. Bxf7+ Kh8 18. Qg2 Ng3 19. Bxe8 Rxf1+ 20. Qxf1 Nxf1 21. Kxf1 Qd8 22. Bxd7 Qxd7 23. Be3 Qf7+ 24. Kg2 Qd5+ 25. Kf2 a5 26. Nd2 c5 27. Nf3 cxd4 28. Bxd4 Bc5 29. Rd1 Bxd4+ 30. Rxd4 Qc5 31. Kg3 g5 32. Re4 Qc7+ 33. Kf2 Qc2+ 34. Re2 Qc5+ 35. Kg2 g6 36. Re5 Qc2+ 37. Kg3 Qxb2 38. Rxa5 b6 39. Rxg5 Kh7 40. Re5 Qxa2 41. Re7+ Kg8 42. Rb7 Qe6 43. Rb8+ Kg7 44. Rb7+ Kf8 45. Rb8+ Ke7 46. Rb7+ Kd8 47. Rb8+ Kc7 48. Rf8 Qd6+ 49. Rf4 b5 50. g5 b4 51. Nd4 Qe5 52. Kg4 Kb6 53. Rf6+ Kc5 54. Nf3 Qe4+ 55. Rf4 Qe6+ 56. Kg3 b3 57. Nd4 Qe3+ 58. Rf3 Qxg5+ 59. Kf2 Qd2+ 60. Kg3 Kxd4 61. Rxb3 Qe1+ 62. Kg2 Ke4 63. Rg3 Kf4 0-1


[Site "https://www.chess.com"]

[Event "Titled Tuesday Blitz October 25 Late 2022"]
[White "Polster, Christian"]
[Black "Burke, Paul"]
[WhiteFideId "12965081"]
[BlackFideId "2605767"]
[WhiteElo "2209"]
[BlackElo "1858"]
[Result "1-0"]
[Round "08"]
[TimeControl "180+1"]
[Date "2022.10.26"]
[WhiteClock "0:00:19"]
[BlackClock "0:00:20"]

1. e4 e5 2. Nf3 Nc6 3. c3 d5 4. Qa4 dxe4 5. Nxe5 Bd7 6. Nxd7 Qxd7 7. Qxe4+ Nge7 8. Bb5 O-O-O 9. O-O a6 10. Ba4 Nd5 11. d4 Re8 12. Qf3 b5 13. Bc2 Kb8 14. Nd2 g6 15. Ne4 f5 16. Nc5 Bxc5 17. dxc5 Ne5 18. Qg3 h5 19. h4 Ng4 20. Bg5 Re2 21. Qd3 Rhe8 22. Rad1 1-0


[Site "https://www.chess.com"]

[Event "Titled Tuesday Blitz October 25 Late 2022"]
[White "Potapova, Margarita"]
[Black "Gonzalez, Francisco Silva"]
[WhiteFideId "14126869"]
[BlackFideId "1512285"]
[WhiteElo "2150"]
[BlackElo "2159"]
[Result "0-1"]
[Round "08"]
[TimeControl "180+1"]
[Date "2022.10.26"]
[WhiteClock "0:00:06"]
[BlackClock "0:00:14"]

1. d4 Nf6 2. c4 e6 3. Nc3 Bb4 4. Qc2 d6 5. Bd2 Nc6 6. Nf3 e5 7. a3 Bxc3 8. Bxc3 e4 9. Nd2 d5 10. e3 O-O 11. Be2 Re8 12. O-O Ne7 13. cxd5 Nexd5 14. b4 Bf5 15. Bb2 Bg6 16. Nc4 Nd7 17. Ne5 N7f6 18. Nxg6 hxg6 19. Rac1 Qd7 20. Qb3 g5 21. Rc2 Re7 22. Rfc1 g4 23. a4 Kh7 24. b5 Rh8 25. Ba3 Re6 26. Bc4 c6 27. Bxd5 Nxd5 28. bxc6 bxc6 29. Rb1 Rc8 30. Qb7 Rc7 31. Qb8 Rh6 32. Rbc1 Qf5 33. Bd6 Rxd6 34. Rc5 Qd7 35. Qb1 f5 36. Qa2 Nf6 37. Qb3 Rd5 38. R5c2 Rb7 39. Qc4 Rb6 40. a5 Rxa5 41. Qe2 Rd5 42. g3 Kg6 43. Qc4 Nh7 44. Qa4 Rd6 45. Qa5 Ng5 46. Rc5 Nf3+ 47. Kg2 Rb5 48. Rxb5 cxb5 49. Rc7 Qe6 50. Qxa7 Qf6 51. Qc5 Rb6 52. Qb4 Qd6 53. Rc5 Kg5 54. Qb3 b4 55. Qf7 Qf6 56. Qb3 Rc6 57. Qxb4 Rxc5 58. Qxc5 Qa6 59. Qf8 Kg6 60. Qe8+ Kf6 61. Qf8+ Kg6 62. Qe8+ Kh7 63. Qh5+ Qh6 64. Qe8 Qg6 65. Qc8 Qh5 66. h4 gxh3+ 67. Kh1 Qg4 68. Qe6 Ng5 0-1


[Site "https://www.chess.com"]